 Dungeon Sprint DCSS version 0.17-a0-1778-gd369669 (webtiles) character file.

46168 pipel the Executioner (level 14, -5/148 HPs)
             Began as a Hill Orc Wanderer on Sept 8, 2015.
             Was the Champion of Beogh.
             Slain by a hell knight
             ... wielding a +1 glaive of flaming
              (8 damage)
             ... in the Dungeon (Sprint VII: "The Pits").
             The game lasted 00:52:00 (6987 turns).

pipel the Executioner (Hill Orc Wanderer)           Turns: 6987, Time: 00:52:00

Health: -5/148     AC: 41    Str: 19    XL:     14   Next: 36%
Magic:  7/27       EV: 15    Int: 13    God:    Beogh [******]
Gold:   11         SH:  0    Dex: 10    Spells: 5 memorised, 8 levels left

rFire  + . .     SeeInvis .     a - +4 executioner's axe
rCold  + . .     Clarity  .     Z - +3 plate armour {rF+}
rNeg   . . .     SustAt   .     (no shield)
rPois  .         Gourm    +     f - +1 helmet
rElec  +         Spirit   .     Y - +2 cloak of Starlight {rElec rC+ EV+4 Stlth--}
rCorr  .         Warding  .     e - +1 pair of gloves
rMut   .         NoTele   +     I - +0 pair of boots
MR     +....                    A - amulet of the gourmand
Stlth  ..........               D - +3 ring of protection
                                k - +3 ring of protection

@: repel missiles, somewhat resistant to hostile enchantments, extremely
unstealthy
A: walk on water, blurry vision 1
a: Smiting, Recall Orcish Followers, Give Item to Named Follower, Renounce
Religion


You were in the Dungeon.
You worshipped Beogh.
Beogh was exalted by your worship.
You were near starving.

You visited 1 branch You collected 11 gold pieces.

Inventory:

Hand weapons
 a - a +4 executioner's axe (weapon)
 p - a +3 glaive
 r - a +2 halberd
 w - a +2 trident
 x - a +1 trident of piercing
 F - a +3 glaive
 G - a +5 war axe of chopping
 O - a +3 glaive
 U - the +10 hand crossbow "Roes" {penet, +Blink Int+2}
   (You found it in the Dungeon)

   Ammo fired by it will pass through the targets it hits, potentially hitting
   all targets in its path until it reaches maximum range.
   It affects your intelligence (+2).
   It lets you blink.
Missiles
 X - 365 bolts
Armour
 e - a +1 pair of gloves (worn)
 f - a +1 helmet (worn)
 y - the cursed +6 large shield of Ignorance {rN+ AC+2 EV+2 Int-6 *Curse}
   (You found it in the Dungeon)

   It affects your AC (+2).
   It affects your evasion (+2).
   It affects your intelligence (-6).
   It protects you from negative energy.
   It may re-curse itself when equipped.
   It has a curse placed upon it.
 I - a +0 pair of boots (worn)
 L - a +1 cloak of poison resistance
 T - a +0 buckler of fire resistance
 W - a +0 plate armour
 Y - the +2 cloak of Starlight (worn) {rElec rC+ EV+4 Stlth--}
   (You found it in the Dungeon)

   It affects your evasion (+4).
   It protects you from cold.
   It insulates you from electricity.
   It makes you much less stealthy.
 Z - a +3 plate armour of fire resistance (worn)
Magical staves
 b - an uncursed staff of energy
Jewellery
 k - a +3 ring of protection (left hand)
 z - the ring of Noluext {+Fly Stlth+}
   (You found it in the Dungeon)

   [ring of flight]

   It lets you fly.
   It makes you more stealthy.
 A - an amulet of the gourmand (around neck)
 D - a +3 ring of protection (right hand)
 M - an uncursed ring of protection from cold
 N - an uncursed ring of poison resistance
Magical devices
 i - a wand of random effects (24)
 K - a wand of frost (31)
 P - a wand of fire (2)
Scrolls
 s - 4 scrolls of remove curse
 t - 5 scrolls of amnesia
 u - a scroll of summoning
 v - 2 scrolls of vulnerability
 S - 3 scrolls of fog
 V - a scroll of recharging
Potions
 c - 6 potions of curing
 h - 4 potions of heal wounds
 j - 2 potions of magic
 B - 3 potions of agility
 C - 2 potions of resistance
 E - a potion of cure mutation
 Q - a potion of might
Miscellaneous
 d - a phantom mirror
 H - a plain deck of defence
 R - a legendary deck of changes {Dowsing}
Comestibles
 g - 9 bread rations
 n - 38 fruits
 o - 7 meat rations
 J - 6 royal jellies


   Skills:
 + Level 20.0 Fighting
 + Level 24.5 Axes
 + Level 1.0 Crossbows
 + Level 1.5 Throwing
 + Level 17.0 Armour
 + Level 13.1 Dodging
 - Level 1.5 Stealth
 - Level 2.4 Spellcasting
 - Level 0.2 Conjurations
 - Level 1.5 Charms
   Level 1.0 Summonings
 + Level 1.0 Necromancy
 - Level 1.3 Air Magic
 - Level 1.8 Earth Magic
 + Level 18.9 Invocations
 - Level 5.0 Evocations


You had 8 spell levels left.
You knew the following spells:

 Your Spells              Type           Power        Failure   Level  Hunger
a - Sandblast             Erth           #.....       97%         1    #......
b - Blink                 Tloc           N/A          100%        2    ###....
c - Repel Missiles        Chrm/Air       #.....       99%         2    ###....
d - Magic Dart            Conj           #...         100%        1    #......
e - Regeneration          Chrm/Necr      #.........   100%        3    ###....


Dungeon Overview and Level Annotations

Branches:
Dungeon (1/1)

Altars:
Ashenzari
Cheibriados
Dithmenos
Elyvilon
Fedhas
Gozag
Kikubaaqudgha
Makhleb
Nemelex Xobeh
Okawaru
Qazlal
Ru
Sif Muna
Trog
Vehumet
Xom
Yredelemnul
Zin
The Shining One
Beogh
Jiyva
Lugonu


Innate Abilities, Weirdness & Mutations

You can walk on water.
Scrolls take you a little longer to read.


Message History

The hell knight hits you with a battleaxe of pain.
* * * LOW HITPOINT WARNING * * *
You writhe in agony.
* * * LOW HITPOINT WARNING * * *
The hell knight hits Syrus with a great sword!
Syrus hits the hell knight with an uncursed halberd of venom!!
The hell knight is poisoned.
Unknown command.
You hit the hell knight.
The hell knight is lightly wounded.
You slash the hell knight!
You kill the hell knight!
Beogh accepts your kill.
Your Crossbows skill increases to level 1!
The hell knight barely misses you.
You hear some strange, mumbled words.
Something tries to affect you, but you resist.
The deep elf demonologist gestures wildly while chanting.
The hell knight hits you from afar with a glaive of flaming!
You die...

######## . #......# .. #......#
... #......# #.. #......
...##{..### ..#(#.)#)#..#
..1...ipp@.†# ..#.#.†#o#..#
..e##p..########++##### #..
#.....)##..........# ...
#.....)##..........# .C
#..(...''..#....#..# .
#.....(''..........#
#########..........#
#####################..#....#..#


You could see a Shadow Fiend, 3 hell knights, a spriggan rider, a deep elf
demonologist and the friendly Syrus the orc warlord.

Vanquished Creatures
  A death cob (D)
  A fire giant (D)
  A ghost moth (D)
  A frost giant (D)
  An emperor scorpion (D)
  An orc warlord (D)
  A minotaur (D)
  A vault guard (D)
  A green death (D)
  2 ogre magi (D)
  A yaktaur captain (D)
  A great orb of eyes (D)
  2 naga warriors (D)
  An ice dragon (D)
  A merfolk aquamancer (D)
  2 catoblepae (D)
  A vampire mage (D)
  3 hell hogs (D)
  2 hell knights (D)
  3 shadow wraiths (D)
  2 unseen horrors (D)
  2 deep trolls (D)
  2 necromancers (D)
  8 orc knights (D)
  An orc sorcerer (D)
  A wolf spider (D)
  A cyclops (D)
  A sixfirhy (D)
  A molten gargoyle (D)
  A kobold demonologist (D)
  4 yaktaurs (D)
  A queen bee (shapeshifter) (D)
  2 red devils (D)
  A freezing wraith (D)
  2 wind drakes (D)
  A merfolk (D)
  3 blink frogs (D)
  A bog body (D)
  4 two-headed ogres (D)
  A trapdoor spider (D)
  A ynoxinul (D)
  2 redbacks (D)
  2 tarantellas (D)
  A water elemental (D)
  A basilisk (D)
  A yak (D)
  A small abomination (D)
  A neqoxec (D)
  A hippogriff (D)
  A wolf (D)
  A mottled dragon (D)
  A warg (D)
  A swamp drake (D)
  Duvessa (D)
  A sky beast (D)
  3 hell hounds (D)
  4 ogres (D)
  3 necrophages (D)
  A crocodile (D)
  2 brain worms (D)
  Dowan (D)
  A scorpion (D)
  7 killer bees (D)
  A wight (D)
  2 crimson imps (D)
  A gnoll shaman (D)
  An iron imp (D)
  A jelly (D)
  3 worker ants (D)
  An orc priest (D)
  Terence (D)
  A sheep (D)
  2 gnolls (D)
  2 giant eyeballs (D)
  4 oozes (D)
  An ufetubus (D)
  2 adder zombies (D)
  3 giant geckos (D)
  3 orcs (D)
  A giant cockroach (D)
  A jackal (D)
  A ball python skeleton (D)
  2 kobolds (D)
141 creatures vanquished.

Vanquished Creatures (collateral kills)
  A titan (D)
  A ghoul (D)
  A yellow draconian (D)
  A blizzard demon (D)
  A fire dragon (D)
  A green death (D)
  2 yaktaur captains (D)
  A naga warrior (D)
  A merfolk avatar (D)
  A hell knight (D)
  A fire crab (D)
  A harpy (shapeshifter) (D)
  A phantasmal warrior (D)
  3 orc knights (D)
  A rust devil (D)
  5 yaktaurs (D)
  2 smoke demons (D)
  A spiny frog (D)
  A freezing wraith (D)
  A troll (D)
  A wandering mushroom (D)
  A giant leech (D)
  A two-headed ogre (D)
  An air elemental (D)
  A water elemental (D)
  Sigmund (D)
  3 yaks (D)
  A spriggan (D)
  A neqoxec (D)
  A warg (D)
  An ice beast (D)
  An orc warrior (D)
  2 ogres (D)
  An earth elemental (D)
  2 killer bees (D)
  An iguana (D)
  6 sheep (D)
  2 gnolls (D)
  A jackal (D)
57 creatures vanquished.

Vanquished Creatures (others)
  An orc high priest (D)
  4 orc knights (D)
  An orc sorcerer (D)
  Maurice (D)
  An orc wizard (D)
  3 yaktaurs (D)
  2 orc warriors (D)
  3 orcs (D)
16 creatures vanquished.

Grand Total: 214 creatures vanquished

Notes
Turn   | Place    | Note
--------------------------------------------------------------
     0 | D        | pipel the Hill Orc Wanderer began the quest for the Orb.
     0 | D        | pipel set off with: a book of Minor Magic, Sif Muna's Guide on the Mountains, 2 potions of curing, a +0 robe, a +0 club, a +0 dagger, a bread ration, a potion of heal wounds, a potion of haste, 2 potions of magic, a potion of berserk rage, a scroll of blinking
     0 | D        | Reached XP level 1. HP: 16/16 MP: 3/3
     4 | D        | Identified Sif Muna's Guide on the Mountains
    10 | D        | Learned a level 1 spell: Sandblast
    14 | D        | Paralysed by a giant eyeball for 4 turns
    18 | D        | Reached skill level 1 in Earth Magic
    50 | D        | Found a sacrificial altar of Ru.
    50 | D        | Found a shadowy altar of Dithmenos.
    50 | D        | Found a bloodstained altar of Trog.
    50 | D        | Found a deep blue altar of Sif Muna.
    50 | D        | Found a shimmering altar of Xom.
    50 | D        | Found a sparkling altar of Nemelex Xobeh.
    50 | D        | Found a corrupted altar of Lugonu.
    50 | D        | Found a viscous altar of Jiyva.
    51 | D        | Found a basalt altar of Yredelemnul.
    51 | D        | Found a glowing golden altar of the Shining One.
    51 | D        | Found a shattered altar of Ashenzari.
    51 | D        | Found a white marble altar of Elyvilon.
    51 | D        | Found a snail-covered altar of Cheibriados.
    51 | D        | Found a blossoming altar of Fedhas.
    51 | D        | Found a radiant altar of Vehumet.
    51 | D        | Found a burning altar of Makhleb.
    51 | D        | Found an ancient bone altar of Kikubaaqudgha.
    51 | D        | Found a glowing silver altar of Zin.
    51 | D        | Found a roughly hewn altar of Beogh.
    51 | D        | Found an iron altar of Okawaru.
    56 | D        | Found a stormy altar of Qazlal.
    56 | D        | Found an opulent altar of Gozag.
    57 | D        | Became a worshipper of Beogh the Brigand
    76 | D        | Noticed a worker ant
    87 | D        | Killed a worker ant
    87 | D        | Reached skill level 3 in Fighting
    87 | D        | Reached skill level 4 in Dodging
    87 | D        | Reached XP level 2. HP: 19/26 MP: 0/5
    87 | D        | Reached XP level 3. HP: 22/31 MP: 0/6
    96 | D        | Learned a level 2 spell: Blink
    99 | D        | Learned a level 2 spell: Repel Missiles
   229 | D        | Noticed a brain worm
   235 | D        | Killed a brain worm
   235 | D        | Reached skill level 5 in Dodging
   235 | D        | Reached skill level 1 in Charms
   235 | D        | Reached skill level 1 in Air Magic
   235 | D        | Reached XP level 4. HP: 36/41 MP: 1/7
   239 | D        | Acquired Beogh's first power
   239 | D        | Reached skill level 5 in Fighting
   249 | D        | Learned a level 1 spell: Magic Dart
   299 | D        | Noticed a worker ant
   316 | D        | Killed a worker ant
   316 | D        | Reached skill level 1 in Axes
   316 | D        | Reached skill level 6 in Dodging
   316 | D        | Reached XP level 5. HP: 40/48 MP: 1/8
   320 | D        | Acquired Beogh's second power
   339 | D        | Paralysed by a giant eyeball for 2 turns
   344 | D        | Paralysed by a giant eyeball for 2 turns
   444 | D        | Noticed an iron imp
   444 | D        | Noticed a brain worm
   445 | D        | Noticed a necrophage
   445 | D        | Noticed an orc priest
   468 | D        | Acquired Beogh's third power
   473 | D        | Killed an orc priest
   473 | D        | Reached skill level 7 in Dodging
   485 | D        | Killed a necrophage
   485 | D        | Reached skill level 1 in Armour
   485 | D        | Reached XP level 6. HP: 58/58 MP: 9/9
   487 | D        | Killed an iron imp
   487 | D        | Acquired Beogh's fourth power
   487 | D        | Reached skill level 8 in Dodging
   492 | D        | Killed a brain worm
   492 | D        | Reached skill level 5 in Axes
   540 | D        | Noticed a jelly
   549 | D        | Killed a jelly
   605 | D        | Acquired Beogh's fifth power
   614 | D        | Noticed a wight
   628 | D        | Killed a wight
   628 | D        | Reached skill level 9 in Dodging
   736 | D        | Noticed an ogre
   754 | D        | Beogh protects you from harm!
   755 | D        | Killed an ogre
   755 | D        | Reached XP level 7. HP: 8/66 MP: 10/10
  1031 | D        | Noticed Sigmund
  1031 | D        | Noticed a hippogriff
  1031 | D        | Noticed a crimson imp
  1040 | D        | Killed a hippogriff
  1042 | D        | Killed a crimson imp
  1042 | D        | Reached skill level 5 in Armour
  1050 | D        | Killed Sigmund
  1162 | D        | Noticed a gnoll shaman
  1163 | D        | Noticed a spriggan
  1163 | D        | Noticed a phantasmal warrior
  1172 | D        | Killed a phantasmal warrior
  1172 | D        | Reached skill level 10 in Axes
  1172 | D        | Reached skill level 10 in Dodging
  1172 | D        | Reached XP level 8. HP: 27/78 MP: 11/11
  1176 | D        | Killed a spriggan
  1183 | D        | Killed a gnoll shaman
  1427 | D        | Noticed a spiny frog
  1431 | D        | Killed a spiny frog
  1431 | D        | Reached skill level 10 in Fighting
  1431 | D        | Reached skill level 11 in Axes
  1436 | D        | Noticed a swamp drake
  1436 | D        | Noticed a troll
  1436 | D        | Noticed a freezing wraith
  1450 | D        | Killed a freezing wraith
  1450 | D        | Reached XP level 9. HP: 17/85 MP: 12/12
  1453 | D        | Killed a swamp drake
  1458 | D        | Killed a troll
  1713 | D        | Noticed a blink frog
  1714 | D        | Noticed an orc sorcerer
  1714 | D        | Noticed a kobold demonologist
  1714 | D        | Noticed a blink frog
  1714 | D        | Noticed a blink frog
  1715 | D        | Noticed a red devil
  1723 | D        | Killed a red devil
  1725 | D        | Noticed a soul eater
  1726 | D        | Noticed a red devil
  1728 | D        | Paralysed by an orc sorcerer for 2 turns
  1733 | D        | Killed an orc sorcerer
  1733 | D        | Reached skill level 12 in Axes
  1733 | D        | Reached skill level 10 in Armour
  1733 | D        | Reached skill level 1 in Invocations
  1740 | D        | Noticed a hellwing
  1742 | D        | Noticed a wolf
  1746 | D        | Noticed a crimson imp
  1758 | D        | Killed a wolf
  1758 | D        | HP: 1/89 [blink frog (9)]
  1765 | D        | Killed a blink frog
  1766 | D        | Killed a crimson imp
  1767 | D        | Killed a blink frog
  1767 | D        | Reached skill level 13 in Axes
  1768 | D        | Killed a blink frog
  1773 | D        | HP: 1/90 [something (5)]
  1788 | D        | Killed a shadow wraith
  1788 | D        | Reached XP level 10. HP: 23/97 MP: 13/13
  1798 | D        | Killed a kobold demonologist
  2070 | D        | Noticed a killer bee
  2077 | D        | Killed a killer bee
  2079 | D        | Noticed a molten gargoyle
  2102 | D        | Killed a molten gargoyle
  2102 | D        | Reached skill level 14 in Axes
  2124 | D        | Noticed a freezing wraith
  2135 | D        | Killed an unseen horror
  2143 | D        | Killed a freezing wraith
  2429 | D        | Noticed Maurice
  2429 | D        | Noticed a tarantella
  2431 | D        | Noticed a catoblepas
  2443 | D        | Killed Maurice
  2443 | D        | Reached skill level 15 in Axes
  2451 | D        | Killed a tarantella
  2467 | D        | Killed a catoblepas
  2691 | D        | Noticed a killer bee
  2695 | D        | Killed a killer bee
  2696 | D        | Noticed a killer bee
  2697 | D        | Noticed a killer bee
  2698 | D        | Killed a killer bee
  2699 | D        | Noticed a killer bee
  2700 | D        | Killed a killer bee
  2707 | D        | Killed a killer bee
  2712 | D        | Noticed a basilisk
  2712 | D        | Noticed a worker ant
  2727 | D        | Killed a worker ant
  2732 | D        | Killed a basilisk
  2757 | D        | Noticed a red devil
  2757 | D        | Noticed Duvessa
  2757 | D        | Noticed Dowan
  2758 | D        | Noticed Terence
  2783 | D        | Noticed an orc sorcerer
  2786 | D        | Killed Duvessa
  2793 | D        | Killed Terence
  2796 | D        | Killed Dowan
  2796 | D        | Reached XP level 11. HP: 38/107 MP: 14/14
  2796 | D        | an orc sorcerer (ally) was killed
  2799 | D        | HP: 3/107 [something (4)]
  2807 | D        | Killed a shadow wraith
  2807 | D        | Reached skill level 16 in Axes
  2808 | D        | HP: 1/107 [red devil/trident (11)]
  2812 | D        | Killed a red devil
  2812 | D        | Reached skill level 5 in Invocations
  3136 | D        | Noticed a mottled dragon
  3136 | D        | Noticed a red devil
  3136 | D        | Noticed a trapdoor spider
  3138 | D        | Killed a mottled dragon
  3139 | D        | Noticed an earth elemental
  3140 | D        | Killed a red devil
  3147 | D        | Killed a trapdoor spider
  3164 | D        | Killed an earth elemental
  3229 | D        | Noticed a sky beast
  3248 | D        | Killed a sky beast
  3253 | D        | Noticed an ice beast
  3263 | D        | Killed an ice beast
  3420 | D        | Noticed a deep troll
  3423 | D        | Killed a deep troll
  3448 | D        | Killed a shadow wraith
  3482 | D        | Noticed a small abomination
  3482 | D        | Noticed a yak
  3482 | D        | Noticed a yak
  3482 | D        | Noticed a yak
  3482 | D        | Noticed an iguana
  3483 | D        | Noticed a yak
  3488 | D        | Killed an iguana
  3491 | D        | Killed a yak
  3494 | D        | Killed a yak
  3498 | D        | Killed a yak
  3501 | D        | Killed a small abomination
  3503 | D        | Killed a yak
  3645 | D        | Noticed a two-headed ogre
  3645 | D        | Noticed an ogre
  3645 | D        | Noticed an ogre
  3647 | D        | Noticed an ogre mage
  3647 | D        | Noticed an ogre
  3649 | D        | Killed an ogre mage
  3649 | D        | Reached skill level 17 in Axes
  3650 | D        | Noticed a two-headed ogre
  3652 | D        | Killed an ogre
  3653 | D        | Killed a two-headed ogre
  3656 | D        | Killed an ogre
  3656 | D        | Reached skill level 10 in Invocations
  3657 | D        | Killed an ogre
  3659 | D        | Killed a two-headed ogre
  3743 | D        | Noticed an orc knight
  3744 | D        | Noticed an orc warrior
  3745 | D        | Noticed a warg
  3756 | D        | Killed a warg
  3757 | D        | Killed an orc knight
  4006 | D        | Noticed a ynoxinul
  4011 | D        | Killed a ynoxinul
  4015 | D        | Killed a ghost moth
  4015 | D        | Reached skill level 15 in Armour
  4097 | D        | Noticed a vampire mage
  4121 | D        | Noticed a flayed ghost
  4121 | D        | Noticed a flayed ghost
  4122 | D        | Killed a vampire mage
  4122 | D        | Reached skill level 18 in Axes
  4122 | D        | Reached XP level 12. HP: 94/118 MP: 17/20
  4218 | D        | Noticed an orc knight
  4218 | D        | Noticed an orc knight
  4218 | D        | Noticed an orc knight
  4218 | D        | Noticed an orc knight
  4219 | D        | Noticed a merfolk
  4219 | D        | Noticed an orc warlord
  4219 | D        | Noticed an orc warlord
  4242 | D        | Killed an orc knight
  4244 | D        | Killed an unseen horror
  4248 | D        | Noticed a naga warrior
  4249 | D        | Killed an orc knight
  4249 | D        | Reached skill level 15 in Fighting
  4253 | D        | Noticed a merfolk aquamancer
  4256 | D        | Killed an orc knight
  4257 | D        | Killed an orc knight
  4259 | D        | an orc warrior (ally) was killed
  4262 | D        | Killed a merfolk aquamancer
  4266 | D        | Killed a naga warrior
  4266 | D        | Reached skill level 1 in Throwing
  4266 | D        | Gained Syrus as an ally
  4268 | D        | Killed a merfolk
  4274 | D        | Your ally Syrus died
  4277 | D        | Noticed a yaktaur captain
  4280 | D        | Noticed an orc knight
  4280 | D        | Killed a yaktaur captain
  4297 | D        | Killed an orc knight
  4297 | D        | Reached skill level 19 in Axes
  4605 | D        | Noticed a yaktaur
  4605 | D        | Noticed an orc knight
  4609 | D        | Killed a yaktaur
  4613 | D        | Killed an orc knight
  4644 | D        | Noticed a yaktaur
  4648 | D        | Killed a yaktaur
  4656 | D        | Killed an orc warlord
  4660 | D        | Noticed an orc knight
  4660 | D        | Noticed an orc knight
  4660 | D        | Noticed an orc knight
  4662 | D        | Killed an orc knight
  4664 | D        | Noticed a redback
  4666 | D        | Killed an orc knight
  4668 | D        | Killed an orc knight
  4668 | D        | Gained Bogfrid as an ally
  4669 | D        | Killed a redback
  4670 | D        | Noticed an orc knight
  4675 | D        | Noticed a redback
  4680 | D        | Killed a redback
  4922 | D        | Noticed a yaktaur
  4922 | D        | Noticed a yaktaur
  4922 | D        | Noticed a yaktaur
  4923 | D        | Noticed a hell knight
  4923 | D        | Noticed a necromancer
  4923 | D        | Noticed a yaktaur
  4923 | D        | Noticed a yaktaur
  4930 | D        | Noticed a yaktaur captain
  4930 | D        | Noticed a yaktaur
  4931 | D        | Noticed a naga warrior
  4933 | D        | Noticed a water elemental
  4934 | D        | Noticed a naga warrior
  4934 | D        | Noticed a water elemental
  4934 | D        | Noticed a necromancer
  4934 | D        | Noticed a yaktaur
  4935 | D        | Noticed an ice dragon
  4935 | D        | Noticed a yaktaur captain
  4935 | D        | Killed a yaktaur
  4935 | D        | Killed a yaktaur
  4936 | D        | Noticed a vault guard
  4937 | D        | Killed a water elemental
  4938 | D        | Noticed a necromancer
  4942 | D        | Noticed a hell knight
  4943 | D        | Killed a yaktaur
  4944 | D        | Killed a yaktaur
  4944 | D        | Gained Olfrun as an ally
  4944 | D        | Reached skill level 15 in Invocations
  4944 | D        | Killed a yaktaur
  4951 | D        | Olfrun the orc knight (ally) was killed
  4951 | D        | Your ally Olfrun died
  4962 | D        | Killed a yaktaur
  4965 | D        | Killed a hell knight
  4968 | D        | Killed a vault guard
  4968 | D        | Killed a water elemental
  4970 | D        | Killed a naga warrior
  4970 | D        | Reached skill level 20 in Axes
  4970 | D        | Reached XP level 13. HP: 26/130 MP: 18/24
  4971 | D        | Killed a necromancer
  4973 | D        | Killed an ice dragon
  4973 | D        | Killed a yaktaur
  4973 | D        | Gained Syrus as an ally
  4974 | D        | Killed a hell knight
  5074 | D        | Killed a necromancer
  5151 | D        | Killed a naga warrior
  5197 | D        | Killed a yaktaur captain
  5401 | D        | Killed a yaktaur captain
  5615 | D        | Got the +10 hand crossbow "Roes" {penet, +Blink Int+2}
  5881 | D        | Noticed a merfolk avatar
  5881 | D        | Noticed an ogre mage
  5881 | D        | Noticed a two-headed ogre
  5881 | D        | Noticed a two-headed ogre
  5881 | D        | Noticed a two-headed ogre
  5884 | D        | Noticed a smoke demon
  5884 | D        | Killed a two-headed ogre
  5885 | D        | Noticed an ogre
  5885 | D        | Killed a smoke demon
  5887 | D        | Noticed a neqoxec
  5889 | D        | Noticed a wolf spider
  5890 | D        | Killed an ogre mage
  5895 | D        | Killed a neqoxec
  5903 | D        | Killed a wolf spider
  5904 | D        | Noticed a deep troll
  5904 | D        | Noticed a yaktaur
  5906 | D        | Killed a two-headed ogre
  5906 | D        | Killed a yaktaur
  5907 | D        | Noticed a wind drake
  5908 | D        | Noticed an ogre
  5908 | D        | Noticed a scorpion
  5908 | D        | Killed a scorpion
  5910 | D        | Noticed a cyclops
  5910 | D        | Killed a two-headed ogre
  5912 | D        | Killed a deep troll
  5915 | D        | Killed a merfolk avatar
  5917 | D        | Noticed a neqoxec
  5917 | D        | Killed a wind drake
  5917 | D        | Reached skill level 21 in Axes
  5919 | D        | Killed an ogre
  5920 | D        | Noticed a tarantella
  5921 | D        | Killed a tarantella
  5922 | D        | Noticed a fire crab
  5923 | D        | Killed a fire crab
  5925 | D        | Killed a cyclops
  5926 | D        | Noticed a titan
  5926 | D        | Killed an ogre
  5927 | D        | Gained mutation: Scrolls take you a little longer to read. [a neqoxec]
  5928 | D        | Killed a neqoxec
  5933 | D        | Noticed a smoke demon
  5935 | D        | Killed a smoke demon
  5940 | D        | Killed a titan
  5940 | D        | Reached skill level 5 in Evocations
  5946 | D        | Noticed a catoblepas
  5952 | D        | Noticed an air elemental
  5954 | D        | Killed a catoblepas
  5956 | D        | Killed an air elemental
  5956 | D        | Reached skill level 22 in Axes
  5967 | D        | Noticed a bog body
  5970 | D        | Killed a bog body
  6281 | D        | Got the ring of Noluext {+Fly Stlth+}
  6363 | D        | Noticed an orc knight
  6363 | D        | Noticed a hell hound
  6363 | D        | Noticed a hell hound
  6363 | D        | Noticed a hell hound
  6364 | D        | Noticed an orc warrior
  6364 | D        | Noticed a yaktaur
  6364 | D        | Killed a yaktaur
  6365 | D        | Noticed a warg
  6366 | D        | Killed an orc warrior
  6369 | D        | Killed a hell hound
  6371 | D        | Killed a warg
  6372 | D        | Killed a hell hound
  6373 | D        | Killed a hell hound
  6375 | D        | an orc knight (ally) was killed
  6408 | D        | Learned a level 3 spell: Regeneration
  6476 | D        | Noticed a wandering mushroom
  6478 | D        | Noticed a rust devil
  6478 | D        | Noticed a great orb of eyes
  6482 | D        | Noticed a wind drake
  6482 | D        | Killed a rust devil
  6486 | D        | Killed a great orb of eyes
  6490 | D        | Killed a wind drake
  6494 | D        | Killed a wandering mushroom
  6502 | D        | Noticed a giant leech
  6506 | D        | Noticed a crocodile
  6508 | D        | Noticed a yellow draconian
  6510 | D        | Killed a crocodile
  6513 | D        | Noticed a blizzard demon
  6516 | D        | Killed a yellow draconian
  6517 | D        | Killed a giant leech
  6520 | D        | Killed a blizzard demon
  6525 | D        | Noticed a hell hog
  6525 | D        | Noticed a yaktaur
  6528 | D        | Noticed a hell hog
  6529 | D        | Noticed a hell hog
  6530 | D        | Noticed a green death
  6533 | D        | Killed a hell hog
  6536 | D        | Killed a hell hog
  6536 | D        | Reached skill level 23 in Axes
  6539 | D        | Killed a green death
  6542 | D        | Killed a yaktaur
  6575 | D        | Killed a hell hog
  6575 | D        | Reached XP level 14. HP: 55/146 MP: 26/26
  6894 | D        | Noticed a harpy
  6895 | D        | Noticed a frost giant
  6897 | D        | Noticed a green death
  6897 | D        | Killed a harpy
  6902 | D        | Killed a green death
  6903 | D        | Killed a frost giant
  6950 | D        | Noticed a killer bee
  6951 | D        | Noticed a necrophage
  6951 | D        | Noticed a killer bee
  6953 | D        | Noticed a killer bee
  6953 | D        | Noticed a killer bee
  6953 | D        | Noticed a minotaur
  6953 | D        | Killed a killer bee
  6953 | D        | Killed a killer bee
  6954 | D        | Noticed a ghoul
  6954 | D        | Noticed a fire dragon
  6954 | D        | Noticed a sixfirhy
  6955 | D        | Noticed a necromancer
  6955 | D        | Noticed a hell knight
  6955 | D        | Noticed a necrophage
  6955 | D        | Killed a killer bee
  6956 | D        | Noticed a hell knight
  6956 | D        | Killed a killer bee
  6959 | D        | Noticed a necromancer
  6959 | D        | Noticed a fire giant
  6959 | D        | Noticed an emperor scorpion
  6959 | D        | Noticed a death cob
  6961 | D        | Noticed a hell knight
  6961 | D        | Killed a minotaur
  6962 | D        | Noticed a hell knight
  6964 | D        | Killed a necrophage
  6965 | D        | Killed a death cob
  6965 | D        | Reached skill level 24 in Axes
  6966 | D        | Killed a sixfirhy
  6966 | D        | Killed a fire dragon
  6976 | D        | Killed a ghoul
  6979 | D        | Your ally Bogfrid died
  6980 | D        | Killed a fire giant
  6982 | D        | Noticed a deep elf demonologist
  6982 | D        | Noticed a spriggan rider
  6982 | D        | Killed a necrophage
  6984 | D        | Noticed a war gargoyle
  6984 | D        | Killed an emperor scorpion
  6985 | D        | Noticed an ettin
  6986 | D        | HP: 3/148 [hell knight/battleaxe of pain (9)]
  6987 | D        | Killed a hell knight
  6987 | D        | Reached skill level 1 in Crossbows
  6987 | D        | Slain by a hell knight

Vault maps used:
D:        pitsprint

Action                   |  1- 3 |  4- 6 |  7- 9 | 10-12 | 13-15 || total
-------------------------+-------+-------+-------+-------+-------++-------
Melee: Hand axe          |     3 |    77 |   111 |   141 |       ||   332
       War axe           |       |       |       |   150 |     8 ||   158
       Executioner's axe |       |       |       |       |   129 ||   129
 Fire: Hand crossbow     |       |       |       |       |     2 ||     2
Throw: Stone             |       |       |       |     3 |       ||     3
 Cast: Sandblast         |     9 |     7 |       |       |       ||    16
       Repel Missiles    |     1 |       |       |     1 |     1 ||     3
       Magic Dart        |       |     4 |       |       |       ||     4
Invok: Smiting           |       |       |     1 |    50 |    23 ||    74
       Recall Orcish Fol |       |       |       |     2 |       ||     2
       Give Item to Name |       |       |       |     1 |       ||     1
Evoke: Staff of energy   |       |       |       |    12 |     5 ||    17
  Use: Potion            |     1 |     2 |    11 |    11 |     6 ||    31
       Scroll            |       |       |     1 |     4 |     4 ||     9
 Stab: Invisible         |       |       |     5 |     2 |       ||     7
       Confused          |       |       |     1 |       |       ||     1
       Distracted        |       |       |       |     1 |     1 ||     2
  Eat: Chunk             |       |     2 |     1 |       |       ||     3
       Meat ration       |       |       |     1 |     1 |       ||     2
       Bread ration      |       |       |       |     2 |     2 ||     4
       Fruit             |       |       |       |     1 |     1 ||     2
       Pizza             |       |       |       |       |     1 ||     1
